 Dungeon Crawl Stone Soup version 0.21.1-1-g345015f (webtiles) character file.

3631 KristoblXynda the Grappler (level 9, -6/75 HPs)
             Began as a Troll Wizard on May 8, 2018.
             Was a Follower of Ashenzari.
             Killed by divine providence
             ... invoked by an orc priest
              (15 damage)
             ... on level 7 of the Dungeon.
             The game lasted 00:12:44 (6551 turns).

KristoblXynda the Grappler (Troll Wizard)           Turns: 6551, Time: 00:12:45

Health: -6/75      AC:  5    Str: 17    XL:     9   Next: 87%
Magic:  11/11      EV:  9    Int: 17    God:    Ashenzari [*.....]
Gold:   297        SH:  0    Dex:  8    Spells: 8/12 levels left

rFire    . . .     SeeInvis .     - Unarmed
rCold    . . .     Gourm    +   (no shield)
rNeg     . . .     Faith    .   a - +0 robe
rPois    .         Spirit   .   b - +0 hat
rElec    .         Reflect  .   (no cloak)
rCorr    .         Harm     .   (gloves unavailable)
MR       .....                  (boots unavailable)
Stlth    +.........             (no amulet)
HPRegen  0.62/turn              l - ring of wizardry (curse)
MPRegen  0.12/turn              (no ring)

@: hasted, very quick
A: large, unfitting armour, claws 3, fast metabolism 3, gourmand, regeneration
1, shaggy fur 1, tough skin 2
a: Curse Item, Scrying, Renounce Religion


You were on level 7 of the Dungeon.
You worshipped Ashenzari.
Ashenzari was aware of your devotion.
You were very full.

You visited 2 branches of the dungeon, and saw 8 of its levels.

You collected 297 gold pieces.

Inventory:

Hand Weapons
 h - a +3 whip of flaming
Armour
 a - a +0 robe (worn)
 b - a +0 hat (worn)
 k - a +0 shield
Jewellery
 l - a cursed ring of wizardry (left claw)
Wands
 r - a wand of digging (8)
Scrolls
 m - 4 scrolls of remove curse
 q - 3 scrolls of amnesia
Potions
 f - a potion of invisibility
 g - a potion of resistance
 i - a potion of curing
 o - a potion of haste
 p - a potion of brilliance {unknown}
Books
 c - a book of Minor Magic

   Spells                             Type                      Level
   a - Magic Dart                     Conjuration                  1
   b - Blink                          Translocation                2
   c - Call Imp                       Summoning                    2
   d - Slow                           Hexes                        2
   e - Conjure Flame                  Conjuration/Fire             3
   f - Mephitic Cloud                 Conjuration/Poison/Air       3
Comestibles
 d - 10 rations
 j - 3 chunks of flesh


   Skills:
 + Level 0.7 Fighting
 - Level 1.5 Dodging
 - Level 1.0 Stealth
 + Level 9.9 Unarmed Combat
 - Level 2.0 Spellcasting
 * Level 7.7 Conjurations
   Level 0.6 Summonings
   Level 0.6 Translocations


You had 8 spell levels left.
You knew the following spells:

 Your Spells              Type           Power        Failure   Level  Hunger
a - Magic Dart            Conj           ####         1%          1    #......
b - Mephitic Cloud        Conj/Pois/Air  ##......     9%          3    ###....


Dungeon Overview and Level Annotations

Branches:
Dungeon (7/15)             Temple (1/1) D:4

Altars:
Ashenzari
Cheibriados
Elyvilon
Fedhas
Gozag
Hepliaklqana
Nemelex Xobeh
Qazlal
Ru
Sif Muna
Trog
Uskayaw
Vehumet
Xom
Zin
The Shining One


Innate Abilities, Weirdness & Mutations

You are too large for most types of armour.
You have claws for hands.
Your metabolism is lightning-fast.
You like to eat raw meat.
Your natural rate of healing is unusually fast.
You are covered in fur. (AC +1)
You have very tough skin. (AC +2)


Message History

The orc priest calls down the wrath of Beogh upon you.
Beogh smites you!
* * * LOW HITPOINT WARNING * * *
An orc comes into view. It is wielding a whip.
You scratch the orc warrior.
The orc warrior is lightly wounded.
The orc warrior barely misses you.
The orc priest looks braver for a moment.
The orc priest mumbles some strange prayers to Beogh against you.
Beogh smites you!
* * * LOW HITPOINT WARNING * * *
You see here an uncursed halberd.
You see here a gnoll skeleton.
Okay, then.
It was a potion of haste.
You feel yourself speed up.
The orc warrior hits you with a dire flail!
* * * LOW HITPOINT WARNING * * *
The orc priest mumbles some strange prayers to Beogh against you.
Beogh smites you!
You die...

##...##...##o..##
#.#.....#...#o..#
#..#.o.#o#...#..#
#...#÷).#.....#.#
##.o.##)..##...##
#..o########### #..#...#
### #.#.#.o#### #.#
#..#....@.###.##
##.....##......#
#.....##..##..##########
##.###.....†............
.......#..##..##########
.##............# ## #
#########.....# #.
##...## #. ##.## #.


You could see an orc warrior, an orc priest and an orc.

Vanquished Creatures
  Pikel (D:4)
  Grinder (D:6)
  Prince Ribbit (D:6)
  Sigmund (D:6)
  Eustachio (D:6)
  Edmund (D:6)
  Menkaure (D:4)
  A water moccasin (D:6)
  An ice beast (D:6)
  An orc warrior (D:6)
  A sky beast (D:6)
  A phantom (D:3)
  2 ogres
  A centaur (D:5)
  Blork the orc (D:6)
  3 bullfrogs
  A scorpion (D:7)
  6 killer bees
  A howler monkey (D:4)
  3 crimson imps
  4 orc wizards
  5 orc priests
  4 hounds
  2 bullfrog skeletons
  An iguana (D:6)
  3 worker ants
  7 gnolls
  10 adders
  A shadow imp (D:6)
  An adder zombie (D:5)
  An adder skeleton (D:5)
  3 worms
  4 leopard geckos
  25 orcs
  7 bats
  5 giant cockroaches (D:2)
  4 goblins
  9 hobgoblins
  4 jackals (D:6)
  2 quokkas (D:5)
  2 ball pythons (D:2)
  A ball python skeleton (D:6)
  6 frilled lizards
  14 kobolds
  7 rats
162 creatures vanquished.

Notes
Turn   | Place    | Note
-------+----------+-------------------------------------------
     0 | D:1      | KristoblXynda the Troll Wizard began the quest for the Orb.
     0 | D:1      | Reached XP level 1. HP: 16/16 MP: 2/2
    52 | D:1      | Reached skill level 1 in Conjurations
   143 | D:1      | Reached skill level 1 in Unarmed Combat
   321 | D:1      | Reached XP level 2. HP: 24/24 MP: 4/4
  1201 | D:2      | Reached XP level 3. HP: 23/31 MP: 5/5
  1286 | D:2      | Reached skill level 2 in Unarmed Combat
  1398 | D:2      | Reached XP level 4. HP: 32/39 MP: 6/6
  1713 | D:2      | Reached skill level 3 in Unarmed Combat
  2043 | D:3      | Reached XP level 5. HP: 40/45 MP: 7/7
  2197 | D:3      | Noticed a phantom
  2430 | D:3      | Killed a phantom
  2430 | D:3      | Reached skill level 4 in Unarmed Combat
  2430 | D:3      | Reached XP level 6. HP: 36/53 MP: 3/8
  2470 | D:3      | Learned a level 3 spell: Mephitic Cloud
  2595 | D:4      | Noticed Menkaure
  2606 | D:4      | Killed Menkaure
  2687 | D:4      | Reached skill level 5 in Unarmed Combat
  2687 | D:4      | Reached XP level 7. HP: 44/59 MP: 9/9
  2886 | D:4      | Found a staircase to the Ecumenical Temple.
  2897 | Temple   | Entered the Ecumenical Temple
  2975 | Temple   | Became a worshipper of Ashenzari the Shackled
  3259 | D:4      | Noticed Pikel
  3276 | D:4      | Killed Pikel
  3276 | D:4      | Reached skill level 6 in Unarmed Combat
  3276 | D:4      | Reached skill level 5 in Conjurations
  3276 | D:4      | Reached XP level 8. HP: 28/67 MP: 10/10
  3602 | D:5      | Entered Level 5 of the Dungeon
  3709 | D:5      | Reached skill level 7 in Unarmed Combat
  4601 | D:6      | Noticed Prince Ribbit
  4667 | D:6      | Noticed Edmund
  4679 | D:6      | Killed Edmund
  4679 | D:6      | Reached skill level 8 in Unarmed Combat
  4759 | D:6      | Reached XP level 9. HP: 50/74 MP: 11/11
  4861 | D:6      | Found a hazy altar of Hepliaklqana.
  4994 | D:6      | Noticed Eustachio
  5013 | D:6      | Killed Eustachio
  5047 | D:6      | Noticed Blork the orc
  5055 | D:6      | Killed Blork the orc
  5226 | D:6      | Reached skill level 9 in Unarmed Combat
  5258 | D:6      | Noticed Grinder
  5271 | D:6      | Killed Grinder
  5306 | D:6      | Noticed Sigmund
  5330 | D:6      | Killed Sigmund
  5543 | D:6      | HP: 1/74 [orc warrior/glaive (26)]
  6001 | D:6      | Found a shattered altar of Ashenzari.
  6158 | D:6      | Killed Prince Ribbit
  6419 | D:7      | Reached * piety under Ashenzari
  6551 | D:7      | Killed from afar by an orc priest

Skill      XL: |  1  2  3  4  5  6  7  8  9 |
---------------+----------------------------+-----
Conjurations   | 1 2 3 5 6 7 |  7.7
Unarmed Combat | 1 2 3 4 5 6 8 9 |  9.9
Fighting       | |  0.7
Dodging        | |  1.5
Stealth        | |  1.0
Spellcasting   | |  2.0
Summonings     | |  0.6
Translocations | |  0.6

Action                   |  1- 3 |  4- 6 |  7- 9 || total
-------------------------+-------+-------+-------++-------
Melee: Unarmed           |   109 |   196 |   383 ||   688
       Punch             |       |       |    11 ||    11
 Cast: Magic Dart        |       |    15 |       ||    15
       Mephitic Cloud    |       |       |     2 ||     2
Invok: Curse Item        |       |       |     1 ||     1
  Use: Scroll            |       |       |    13 ||    13
       Potion            |       |       |     9 ||     9
 Stab: Sleeping          |     3 |     4 |       ||     7
  Eat: Chunk             |    18 |    12 |    36 ||    66
Armor: Robe              |    51 |    70 |    76 ||   197
Dodge: Dodged            |    53 |    90 |   161 ||   304
